 Dungeon Crawl Stone Soup version 0.29-a0-321-gf1c400731a (webtiles) character file.

Game seed: 7906050105270764710

253 Hubjo the Skirmisher (level 5, -4/43 HPs)
             Began as a Demonspawn Monk on Mar 30, 2022.
             Slain by a scorpion (6 damage)
             ... on level 4 of the Dungeon on Apr 4, 2022.
             The game lasted 00:07:05 (5031 turns).

Hubjo the Skirmisher (Demonspawn Monk)              Turns: 5031, Time: 00:07:08

Health: -4/43      AC:  6    Str: 12    XL:     5   Next: 90%
Magic:  9/9        EV: 17    Int: 11    God:
Gold:   177        SH:  0    Dex: 17    Spells: 9/9 levels left

rFire   + . .      SeeInvis .   a - +1 short sword
rCold   + . .      Faith    .   (no shield)
rNeg    . . .      Spirit   .   b - +0 robe
rPois   .          Reflect  .   (helmet restricted)
rElec   .          Harm     .   (no cloak)
rCorr   .          Rampage  .   (no gloves)
Will    +....                   (no boots)
Stlth   +++.......              (no amulet)
HPRegen 0.14/turn               e - +4 ring of evasion
MPRegen 0.11/turn               l - ring of protection from fire

@: lethally poisoned (-4 -> -25)
A: antennae 1, icy blue scales 3, strong-willed 1, MP-powered wands
a: no special abilities


You were on level 4 of the Dungeon.
You visited 1 branch of the dungeon, and saw 4 of its levels.
You also visited: Sewer.

You collected 177 gold pieces.

Inventory:

Hand Weapons
 a - a +1 short sword (weapon)
Armour
 b - a +0 robe (worn)
Jewellery
 e - a +4 ring of evasion (left hand)
 l - a ring of protection from fire (right hand)
Wands
 r - a wand of iceblast (10)
Scrolls
 f - a scroll of identify {unknown}
 h - a scroll of amnesia
 p - a scroll of blinking {unknown}
 t - a scroll of silence {unknown}
 u - a scroll of teleportation
Potions
 d - a potion of mutation
 g - 2 potions of curing {unknown}
 i - a potion of attraction {unknown}
 j - a potion of heal wounds {unknown}
 k - 2 potions of might {unknown}
 m - a potion of magic {unknown}
 n - a potion of haste {unknown}
 q - a potion of degeneration {unknown}
 s - a potion of lignification {unknown}


   Skills:
 + Level 4.3 Fighting
 - Level 2.6 Short Blades
 - Level 2.6 Dodging
 * Level 4.1 Stealth
 * Level 2.6 Spellcasting


You had 9 spell levels left.
You didn't know any spells.
Your spell library contained the following spells:

 Spells                   Type           Power      Damage    Failure   Level
 Animate Skeleton         Necr           2%         N/A       26%         1
 Pain                     Necr           4%         1d4       26%         1
 Sting                    Tmut/Pois      4%         1d3       26%         1
 Poisonous Vapours        Pois/Air       2%         N/A       38%         2
 Vampiric Draining        Necr           1%         2d6       63%         3
 Olgreb's Toxic Radiance  Pois           1%         N/A       95%         4
 Chain Lightning          Conj/Air       0%         2d1       100%        9
 Fire Storm               Conj/Fire      0%         6d1       100%        9
 Shatter                  Erth           0%         3d5*      100%        9


Dungeon Overview and Level Annotations

Branches:
Dungeon (4/15)              Sewer (visited)
 Temple: D:4-7

Altars:

Shops:
D:3 (([=


Innate Abilities, Weirdness & Mutations

You have a pair of small antennae on your head.
You are completely covered in icy blue scales. (AC +4, rC+)
You are strong-willed. (Will+)
You expend magic power (3 MP) to strengthen your wands.


Message History

You hit the scorpion.
The scorpion is heavily wounded.
You feel very sick. The scorpion completely misses you.
You are too injured to fight recklessly!
You are too injured to fight recklessly!
You are too injured to fight recklessly!
You are too injured to fight recklessly!
You are too injured to fight recklessly!
You are too injured to fight recklessly!
You are too injured to fight recklessly!
You are too injured to fight recklessly!
You are too injured to fight recklessly!
You are too injured to fight recklessly!
You are too injured to fight recklessly!
You are too injured to fight recklessly!
You are too injured to fight recklessly!
You are too injured to fight recklessly!
You are too injured to fight recklessly!
You are too injured to fight recklessly!
You are too injured to fight recklessly!
You are too injured to fight recklessly!
You feel very sick. The scorpion stings you.
* * * LOW HITPOINT WARNING * * *
You hit the scorpion but do no damage.
The scorpion is heavily wounded.
* * * LOW HITPOINT WARNING * * *
You feel very sick. The scorpion stings you.
* * * LOW HITPOINT WARNING * * *
You are more poisoned.
The scorpion poisons you!
It was a potion of mutation.
You feel extremely strange.
You feel your magical essence link to the dungeon's wands.
You feel strong-willed.
* * * LOW HITPOINT WARNING * * *
You feel very sick. The scorpion stings you.
You die...

###.######.########
#............)..##
#..#####.#.......# #..#
#.#.......# ###..#
#.#.......# .....#
#.#.).....# ##...#
#.#.......#
#....#####.#.......#
...............s@..+
..#..######........######
#<..............#........
.............####..#.....
.#..#######..# ##..#.....
.....# #..# #.........
.#...# #..# #.......##
.#...## #..# #..(.##.#
.#....# #..# #.....# #


You could see a scorpion.

Vanquished Creatures
  A water moccasin (Sewer)
  An iguana (D:4)
  An adder (D:3)
  A shadow imp (D:3)
  An ufetubus (D:4)
  3 worms
  4 dart slugs
  4 orcs
  10 endoplasms
  4 giant cockroaches
  6 goblins
  9 hobgoblins
  A jackal (Sewer)
  3 quokkas (D:1)
  12 ball pythons
  3 bats
  5 kobolds
  7 rats
76 creatures vanquished.

Vanquished Creatures (others)
  A plant (D:1)
1 creature vanquished.

Grand Total: 77 creatures vanquished

Notes
Turn   | Place    | Note
-------+----------+-------------------------------------------
     0 | D:1      | Hubjo the Demonspawn Monk began the quest for the Orb.
     0 | D:1      | Reached XP level 1. HP: 18/18 MP: 1/1
   405 | D:1      | Gained mutation: You are partially covered in icy blue
                  | scales. (AC +2) [demonic ancestry]
   405 | D:1      | Reached XP level 2. HP: 17/24 MP: 2/2
   778 | D:1      | Found a faded altar of an unknown god.
  1527 | D:1      | Upgraded the game from 0.29-a0-284-gf9362112df to
                  | 0.29-a0-321-gf1c400731a
  1635 | D:2      | Gained mutation: You are mostly covered in icy blue scales.
                  | (AC +3) [demonic ancestry]
  1635 | D:2      | Reached XP level 3. HP: 19/29 MP: 4/4
  2006 | D:2      | Reached skill level 1 in Spellcasting
  3101 | D:3      | Found Hiuvvagh's Antique Weapon Boutique.
  3152 | D:3      | Gained mutation: You have a pair of small antennae on your
                  | head. [demonic ancestry]
  3152 | D:3      | Reached XP level 4. HP: 37/37 MP: 5/5
  3227 | D:3      | Found a glowing drain.
  3231 | Sewer    | Entered a sewer
  3482 | Sewer    | Noticed a water moccasin
  3488 | Sewer    | Killed a water moccasin
  3489 | Sewer    | Gained mutation: You are completely covered in icy blue
                  | scales. (AC +4, rC+) [demonic ancestry]
  3489 | Sewer    | Reached XP level 5. HP: 20/42 MP: 5/8
  4022 | D:3      | Found Ecootwipu's Antique Armour Shoppe.
  4087 | D:3      | Found Feceet's Jewellery Boutique.
  4338 | D:3      | Found Porez's Weapon Boutique.
  4881 | D:4      | Noticed an ogre
  5031 | D:4      | Gained mutation: You expend magic power (3 MP) to
                  | strengthen your wands. [potion of mutation]
  5031 | D:4      | Gained mutation: You are strong-willed. (Will+) [potion of
                  | mutation]
  5031 | D:4      | HP: 2/43 [poisoned by a scorpion]
  5031 | D:4      | Slain by a scorpion

Illustrated notes

Levels and vault maps discovered:
D:1:      dpeg_arrival_prison, layout_loops_corners,
          shapermc_ecumenical_altar_petra
D:2:      layout_loops_corners
D:3:      layout_loops_ring, gup_sewer_entry_spiral, serial_shops,
          nicolae_shop_hallway_plus, shop, nicolae_diamond_shop,
          nicolae_shop_hallway_plus, mrwooster_statue_mirror
D:4:      layout_basic, makhleb_blood_cavern_becter, nicolae_shop_dragon_depot

Skill      XL: |  1  2  3  4  5 |
---------------+----------------+-----
Stealth        | 2 3 4 |  4.1
Spellcasting   | 1 2 |  2.6
Fighting       | 4 |  4.3
Short Blades   | |  2.6
Dodging        | |  2.6

Action                   |  1- 3 |  4- 6 || total
-------------------------+-------+-------++-------
Melee: Short sword       |   159 |   142 ||   301
       Punch             |     1 |       ||     1
  Use: Scroll            |       |     4 ||     4
       Potion            |       |     2 ||     2
 Stab: Sleeping          |    17 |     5 ||    22
Armor: Robe              |    22 |    27 ||    49
Dodge: Dodged            |    86 |    95 ||   181

Table legend: (Time is in decaauts)
 A = Elapsed time spent in this place.
 B = Non-inter-level travel time spent in this place.
 C = Inter-level travel time spent in this place.
 D = Time resting spent in this place.
 E = Time spent auto-exploring this place.
 F = Levels seen in this place.
 G = Mean time per level.
                   A        B        C        D        E       F      G
               +--------+--------+--------+--------+--------+-----+--------+
         Total |   5080 |   5009 |     71 |    406 |   3626 |   5 | 1016.0 |
       Dungeon |   4561 |   4490 |     71 |     80 |   3532 |   4 | 1140.2 |
         Sewer |    519 |    519 |      0 |    326 |     94 |   1 |  519.0 |
               +--------+--------+--------+--------+--------+-----+--------+

Top non-repeatable levels by time:
     D:1: 1577 daAuts
     D:2: 1246 daAuts
     D:3: 1076 daAuts
     D:4: 661 daAuts
   Sewer: 519 daAuts
